 Dungeon Crawl Stone Soup version 0.32-a0-411-g744942f433 (webtiles) character file.

Game seed: 6598810280972850901

124 zenocrate the Sneak (level 4, -2/35 HPs)
             Began as a Demonspawn Delver on Feb 20, 2024.
             Slain by a gnoll
             ... wielding a +0 flail
              (11 damage)
             ... on level 3 of the Dungeon.
             The game lasted 00:01:41 (1908 turns).

zenocrate the Sneak (Demonspawn Delver)             Turns: 1908, Time: 00:01:42

Health: -2/35      AC:  5    Str: 14    XL:     4   Next: 81%
Magic:  4/4        EV: 12    Int: 10    God:
Gold:   206        SH:  0    Dex: 27    Spells: 3/3 levels left

rFire   . .          .
                       - Unarmed
rCold   . . .        (no shield)
rNeg    . . .        a - +0 leather armour
rPois   .            (no helmet)
rElec   .            (no cloak)
rCorr   .            (no gloves)
SInv    .            (no boots)
Will    .....        (no amulet)
Stlth   +++          d - +6 ring of dexterity
HPRegen 0.25/turn    m - +6 ring of dexterity
MPRegen 0.09/turn

%: no passive effects
@: no status effects
A: thin metallic scales 1
a: no special abilities


You were on level 3 of the Dungeon.
You visited 1 branch of the dungeon, and saw 5 of its levels.

You collected 206 gold pieces.

Inventory:

Missiles
 o - 6 poisoned darts (quivered)
Armour
 a - a +0 leather armour (worn)
Jewellery
 d - a +6 ring of dexterity (left hand)
 k - a +6 ring of intelligence
 m - a +6 ring of dexterity (right hand)
Wands
 f - a wand of digging (3)
Scrolls
 b - a scroll of fog
 c - 3 scrolls of revelation
 g - a scroll of amnesia {unknown}
 h - a scroll of torment {unknown}
 i - 2 scrolls of vulnerability {unknown}
 l - 3 scrolls of identify {unknown}
 n - a scroll of silence {unknown}
 p - a scroll of noise {unknown}
Potions
 e - 2 potions of haste
 j - a potion of enlightenment {unknown}
 q - 2 potions of berserk rage {unknown}
 r - 2 potions of curing {unknown}


   Skills:
 - Level 3.0 Fighting
 + Level 2.1 Armour
 - Level 1.7 Dodging
 - Level 4.5 Stealth
 + Level 3.9 Unarmed Combat


You had 3 spell levels left.
You didn't know any spells.
Your spell library was empty.

Dungeon Overview and Level Annotations

Branches:
Dungeon (5/15)
 Temple: D:4-7

Altars:
Ru
Yredelemnul

Annotations:
D:5 Pikel


Innate Abilities, Weirdness & Mutations

You are partially covered in thin metallic scales. (AC +2)


Message History

You hit the gnoll.
The gnoll is heavily wounded.
The gnoll hits you with a +0 halberd.
You are too injured to fight recklessly!
You hit the gnoll.
The gnoll is severely wounded.
The gnoll misses you.
You are too injured to fight recklessly!
You hit the gnoll.
The gnoll is severely wounded.
The gnoll hits you with a +0 halberd.
You are too injured to fight recklessly!
You hit the gnoll.
You kill the gnoll!
A gnoll comes into view. It is wielding a +0 flail.
You are too injured to fight recklessly!
A gnoll is nearby!
A gnoll is nearby!
You are too injured to fight recklessly!
A gnoll is nearby!
You are too injured to fight recklessly!
A gnoll comes into view. It is wielding a +0 halberd.
You start resting.
A gnoll is nearby!
You hit the gnoll but do no damage. The gnoll hits you with a +0 flail.
You are too injured to fight recklessly!
You hit the gnoll.
The gnoll is moderately wounded.
The gnoll hits you with a +0 flail.
* * * LOW HITPOINT WARNING * * *
Unknown command.
Unknown command.
You closely miss the gnoll.
The gnoll is moderately wounded.
Unknown command.
Unknown command.
You hit the gnoll.
The gnoll is heavily wounded.
The gnoll hits you with a +0 flail!
You die...

...................#
##.#..###.#........#
#.#.####.#........#
#........#........#
#..###..#.........#
#..#.#..#.........#
#..#.#..#.........#
#...<#..#.........#
##.###..#......@g.#
#......#.#######.#
#####.##.# #.#
#.##.# #####g#
#.##.# #.g)..#
#.##.# #g#####
#.##.# #....# ######


You could see a gnoll.

Vanquished Creatures
  A gnoll (D:3)
  2 adders
  2 dart slugs
  An orc (D:3)
  2 bats
  3 endoplasms
  3 giant cockroaches
  5 goblins
  5 hobgoblins
  9 jackals
  3 kobolds
  2 quokkas (D:1)
  5 ball pythons
  3 frilled lizards (D:1)
  3 rats
49 creatures vanquished.

Notes
Turn   | Place    | Note
-------+----------+-------------------------------------------
     0 | D:5      | zenocrate the Demonspawn Delver began the quest for the
                  | Orb.
     0 | D:5      | Reached XP level 1. HP: 18/18 MP: 1/1
    18 | D:5      | Noticed a lemure
    19 | D:5      | Noticed a lemure
    19 | D:5      | Noticed a lemure
    20 | D:5      | Noticed a lemure
    20 | D:5      | Noticed Pikel
   104 | D:3      | Found a basalt altar of Yredelemnul.
   199 | D:2      | Gained mutation: You are partially covered in thin metallic
                  | scales. (AC +2) [demonic ancestry]
   199 | D:2      | Reached XP level 2. HP: 17/24 MP: 2/2
   660 | D:1      | Reached XP level 3. HP: 29/29 MP: 3/3
   789 | D:1      | Reached skill level 1 in Armour
  1020 | D:1      | Found a faded altar of an unknown god.
  1232 | D:1      | Reached XP level 4. HP: 35/35 MP: 4/4
  1839 | D:3      | Found a faded altar of an unknown god.
  1843 | D:3      | Found a sacrificial altar of Ru.
  1908 | D:3      | Slain by a gnoll

Illustrated notes

Levels and vault maps discovered:
D:1:      roadster_arrival_rocket_small, layout_loops_ring,
          shapermc_ecumenical_altar_mp_highgroup, chequers_serial_rivers_marsh
D:2:      layout_basic
D:3:      layout_basic, yredelemnul_altar_generic,
          nicolae_overflow_ecumenical_swirl
D:4:      layout_loops_ring, mainiacjoe_overflow_small_starburst,
          mainiacjoe_overflow_alcove_4, minmay_misc_feat_enclosed,
          chequers_garden, minmay_checkerbox, uniq_edmund
D:5:      layout_cave_pools, uniq_pikel

Skill      XL: |  1  2  3  4 |
---------------+-------------+-----
Unarmed Combat | 2 3 |  3.9
Armour         | 1 2 |  2.1
Fighting       | |  3.0
Dodging        | |  1.7
Stealth        | |  4.5

Action                     |  1- 3 |  4- 6 || total
---------------------------+-------+-------++-------
  Melee: Unarmed           |   122 |    56 ||   178
         Punch             |     2 |     5 ||     7
    Use: Scroll            |     1 |       ||     1
   Stab: Sleeping          |    14 |     3 ||    17
 Armour: Leather armour    |    62 |    32 ||    94
  Dodge: Dodged            |    60 |    29 ||    89

Table legend: (Time is in decaauts)
 A = Elapsed time spent in this place.
 B = Non-inter-level travel time spent in this place.
 C = Inter-level travel time spent in this place.
 D = Time resting spent in this place.
 E = Time spent auto-exploring this place.
 F = Levels seen in this place.
 G = Mean time per level.
                   A        B        C        D        E       F      G
               +--------+--------+--------+--------+--------+-----+--------+
         Total |   1896 |   1792 |    104 |      2 |   1336 |   5 |  379.2 |
       Dungeon |   1896 |   1792 |    104 |      2 |   1336 |   5 |  379.2 |
               +--------+--------+--------+--------+--------+-----+--------+

Top non-repeatable levels by time:
     D:1: 735 daAuts
     D:2: 651 daAuts
     D:3: 443 daAuts
     D:4: 41 daAuts
     D:5: 24 daAuts
